 Dungeon Crawl Stone Soup version 0.30.0-5-g1a98f26d00 (webtiles) character file.

Game seed: 11185109450358778746

235 Jackthecabe the Trooper (level 5, -1/33 HPs)
             Began as a Deep Elf Artificer on May 13, 2023.
             Was an Initiate of Vehumet.
             Shot with an arrow by a centaur (14 damage)
             ... on level 5 of the Dungeon.
             The game lasted 00:09:04 (3832 turns).

Jackthecabe the Trooper (Deep Elf Artificer)        Turns: 3832, Time: 00:09:05

Health: -1/33      AC:  3    Str:  9    XL:     5   Next: 76%
Magic:  10/10      EV: 27    Int: 24    God:    Vehumet [......]
Gold:   262        SH:  0    Dex: 15    Spells: 4/8 levels left

rFire   . . .        b - +2 dagger (venom)
rCold   . . .        (no shield)
rNeg    . . .        n - +0 leather armour
rPois   .            (no helmet)
rElec   .            (no cloak)
rCorr   .            (no gloves)
SInv    .            (no boots)
Will    .....        v - amulet of the acrobat
Stlth   ++           I - +6 ring of intelligence
HPRegen 0.25/turn    (no ring)
MPRegen 0.12/turn

%: acrobat
@: acrobatic
A: no striking features
a: Renounce Religion


You were on level 5 of the Dungeon.
You worshipped Vehumet.
Vehumet was noncommittal.
You visited 2 branches of the dungeon, and saw 6 of its levels.

You collected 262 gold pieces.


   Skills:
 - Level 4.0 Fighting
 - Level 0.7 Armour
 - Level 2.4 Dodging
 - Level 1.2 Stealth
 - Level 2.0 Spellcasting
 + Level 2.7 Summonings
 - Level 3.2 Evocations


You had 4 spell levels left.
You knew the following spells:

 Your Spells              Type           Power      Damage    Failure   Level
c - Call Canine Familiar  Summ           15%        N/A       16%         3
z - Summon Small Mammal   Summ           60%        N/A       5%          1

Your spell library contained the following spells:

 Spells                   Type           Power      Damage    Failure   Level
 Summon Guardian Golem    Hex/Summ       8%         N/A       28%         3

Inventory:

Hand Weapons
 a - the +2 short sword of Wiampon {protect, rElec rPois rN++ Int+2}
   (You took it off an orc on level 4 of the Dungeon)

   Int:       It affects your intelligence (+2).
   rElec:     It insulates you from electricity.
   rPois:     It protects you from poison.
   rN:        It greatly protects you from negative energy.
 b - a +2 dagger of venom (weapon)
 k - a +1 dagger of holy wrath
Missiles
 q - 6 curare-tipped darts {=f}
Armour
 n - a +0 leather armour (worn)
Jewellery
 v - an amulet of the acrobat (around neck)
 w - an amulet of guardian spirit
 I - a +6 ring of intelligence (left hand)
Wands
 c - a wand of flame (10)
 d - a wand of charming (15)
 e - a wand of iceblast (5)
 p - a wand of paralysis (9)
Scrolls
 f - 3 scrolls of fear
 g - a scroll of blinking
 i - 3 scrolls of teleportation {@r2}
 j - a scroll of fog
 l - 2 scrolls of butterflies {unknown}
 t - a scroll of poison {unknown}
 z - a scroll of acquirement {unknown}
Potions
 h - 2 potions of brilliance {unknown}
 m - a potion of resistance {unknown}
 o - a potion of cancellation
 r - a potion of ambrosia
 s - 2 potions of invisibility {unknown}
 u - a potion of curing {unknown}
 x - a potion of flight {unknown}

Dungeon Overview and Level Annotations

Branches:
Dungeon (5/15)             Temple (1/1) D:4

Altars:
Ashenzari
Dithmenos
Elyvilon
Fedhas
Hepliaklqana
Kikubaaqudgha
Makhleb
Nemelex Xobeh
Okawaru
Qazlal
Ru
Sif Muna
Trog
Uskayaw
Vehumet
Wu Jian
Xom
Yredelemnul
Zin
The Shining One

Shops:
D:1

( ... #.(..# +...
#....# #.....
#...)#
#.....######....#
#.#.#.#.#.##....#
..........#....#
#.#.#.#.#.##....#
...........@.<..#
.#.#.#c#.#o##....#
............#....#
##.#.#.#.#.##....#
....>......#....#
#.#.#.#.#.##....#
................
#.#.#.#.#.#.......
...+....#####...


You could see a centaur and an orc.


Message History

An orc comes into view. It is wielding a +0 mace.
An orc is nearby!
A howler monkey comes into view.
Found a stone staircase leading down.
You hit the howler monkey.
The howler monkey is poisoned.
The howler monkey is moderately wounded.
The howler monkey barely misses you.
You hit the howler monkey.
The howler monkey looks as sick as possible!
The howler monkey is severely wounded.
The orc shouts!
The howler monkey barely misses you.
A centaur comes into view.
The centaur shouts!
The centaur wields a +0 shortbow.
The centaur shoots an arrow.
The arrow completely misses you.
The howler monkey hoots and howls with incredible vigour!
You hear a shout! x8
You kill the howler monkey!
Vehumet accepts your kill.
The centaur shoots an arrow.
The arrow hits you!
Training target 4.0 for Fighting reached!
Your Fighting skill increases to level 4!
You need to enable at least one skill for training.
The centaur shoots an arrow.
The arrow completely misses you. The orc attacks as you move away!
The orc closely misses you.
The centaur shoots an arrow.
The arrow hits you!
* * * LOW HITPOINT WARNING * * *
The centaur shoots an arrow.
The arrow hits you!
You die...

Skill      XL: |  1  2  3  4  5 |
---------------+----------------+-----
Fighting       | 1 2 3 4 |  4.0
Spellcasting   | 1 2 |  2.0
Summonings     | 1 2 |  2.7
Armour         | |  0.7
Dodging        | |  2.4
Stealth        | |  1.2
Evocations     | |  3.2

Action                     |  1- 3 |  4- 6 || total
---------------------------+-------+-------++-------
  Melee: Whip              |    22 |       ||    22
         Dagger            |    97 |    76 ||   173
         Club              |     4 |       ||     4
         Punch             |     2 |     1 ||     3
   Cast: Summon Small Mamm |     7 |    22 ||    29
         Call Canine Famil |       |     1 ||     1
  Evoke: Wand              |     2 |     3 ||     5
    Use: Scroll            |       |     6 ||     6
         Potion            |       |     1 ||     1
   Stab: Sleeping          |     1 |       ||     1
         Distracted        |       |     1 ||     1
 Armour: Leather armour    |    31 |    11 ||    42
  Dodge: Dodged            |   103 |    59 ||   162

Levels and vault maps discovered:
D:1:      dpeg_arrival_connections, layout_loops_cross, serial_shops, shop
D:2:      layout_loops_cross, amcnicky_mini_rare_corridor_liquid
D:3:      layout_rooms
D:4:      layout_gridville, minmay_temple_entry_hall, minmay_between
D:5:      layout_gridville, chequers_jeans, minivault_26, st_stairs_10,
          nicolae_elemental_shop, amethyst_killhole, serial_bayou_ford_a,
          uniq_blork_the_orc, uniq_pikel, uniq_menkaure
Temple:   mainiacjoe_temple_big_plus

Notes
Turn   | Place    | Note
-------+----------+-------------------------------------------
     0 | D:1      | Jackthecabe the Deep Elf Artificer began the quest for the
                  | Orb.
     0 | D:1      | Reached XP level 1. HP: 11/11 MP: 3/3
    88 | D:1      | Reached skill level 1 in Fighting
   395 | D:1      | Found Ocuuf Goy's Weapon Shop.
   424 | D:1      | Reached XP level 2. HP: 15/17 MP: 4/4
   842 | D:2      | Reached skill level 2 in Fighting
  1125 | D:2      | Learned a level 1 spell: Summon Small Mammal
  1345 | D:2      | Reached XP level 3. HP: 18/22 MP: 5/5
  1692 | D:3      | Reached skill level 1 in Spellcasting
  1692 | D:3      | Reached skill level 1 in Summonings
  1741 | D:3      | Learned a level 3 spell: Call Canine Familiar
  1853 | D:3      | Reached XP level 4. HP: 26/27 MP: 8/8
  1884 | D:3      | Reached skill level 2 in Spellcasting
  1888 | D:3      | Reached skill level 2 in Summonings
  2160 | D:3      | Reached skill level 3 in Fighting
  2787 | D:4      | Reached XP level 5. HP: 31/32 MP: 4/10
  2872 | D:4      | Found a staircase to the Ecumenical Temple.
  2879 | Temple   | Entered the Ecumenical Temple
  3316 | Temple   | Became a worshipper of Vehumet
  3465 | D:4      | Identified the +2 short sword of Wiampon {protect, rElec
                  | rPois rN++ Int+2}
  3783 | D:5      | Entered Level 5 of the Dungeon
  3826 | D:5      | Noticed a centaur
  3829 | D:5      | Reached skill level 4 in Fighting
  3832 | D:5      | Shot with an arrow by a centaur

Vanquished Creatures
  A howler monkey (D:5)
  An iguana (D:5)
  2 orc wizards
  2 adders (D:4)
  An ufetubus (D:4)
  A worm (D:2)
  A dart slug (D:4)
  6 orcs
  5 bats
  3 endoplasms
  2 giant cockroaches
  9 goblins
  5 hobgoblins (D:3)
  5 kobolds
  A quokka (D:3)
  8 ball pythons
  4 frilled lizards (D:1)
  3 rats
60 creatures vanquished.

Vanquished Creatures (collateral kills)
  A hound (D:3)
  An orc (D:4)
  An endoplasm (D:3)
  A ball python (D:3)
4 creatures vanquished.

Grand Total: 64 creatures vanquished

Table legend: (Time is in decaauts)
 A = Elapsed time spent in this place.
 B = Non-inter-level travel time spent in this place.
 C = Inter-level travel time spent in this place.
 D = Time resting spent in this place.
 E = Time spent auto-exploring this place.
 F = Levels seen in this place.
 G = Mean time per level.
                   A        B        C        D        E       F      G
               +--------+--------+--------+--------+--------+-----+--------+
         Total |   3813 |   3601 |    212 |     85 |   2799 |   6 |  635.5 |
       Dungeon |   3353 |   3209 |    144 |     85 |   2416 |   5 |  670.6 |
        Temple |    459 |    391 |     68 |      0 |    383 |   1 |  459.0 |
               +--------+--------+--------+--------+--------+-----+--------+

Top non-repeatable levels by time:
     D:4: 992 daAuts
     D:1: 877 daAuts
     D:2: 782 daAuts
     D:3: 652 daAuts
  Temple: 459 daAuts
     D:5: 48 daAuts

Table legend:
 A = Non-vault XP
 B = Vault XP
 C = Vault XP percentage of total XP
 D = Non-vault monster count
 E = Vault monster count
 F = Vault count percentage of total count
                 A         B        C        D         E       F
            +---------+---------+-------+---------+---------+-------
      Total |     245 |      92 |  27.3 |      59 |       5 |   7.8
            +---------+---------+-------+---------+---------+-------
        D:1 |      20 |       0 |   0.0 |      14 |       0 |   0.0
        D:2 |      28 |       0 |   0.0 |      17 |       0 |   0.0
        D:3 |     114 |       0 |   0.0 |      19 |       0 |   0.0
        D:4 |      83 |       6 |   6.7 |       9 |       3 |  25.0
        D:5 |       0 |      86 | 100.0 |       0 |       2 | 100.0
            +---------+---------+-------+---------+---------+-------
